 Dungeon Crawl Stone Soup version 0.30-a0-605-gb2882149bf (webtiles) character file.

Game seed: 7953994409815947285

26106 wormed the Spry (level 12, -1/60 HPs)
             Began as a Felid Summoner on Jan 8, 2023.
             Was an Initiate of Gozag.
             Slain by a spriggan defender simulacrum (17 damage)
             ... in an ice cave.
             The game lasted 01:17:38 (27957 turns).

wormed the Spry (Felid Summoner)                   Turns: 27957, Time: 01:17:39

Health: -1/60      AC:  3    Str: 11    XL:     12   Next: 95%
Magic:  22/27      EV: 28    Int: 30    God:    Gozag
Gold:   888        SH:  0    Dex: 17    Spells: 4/31 levels left
                                        Lives:  0   Deaths: 3

rFire   . . .      SeeInvis +    (weapon unavailable)
rCold   + + .      Faith    .    (shield unavailable)
rNeg    + . .      Spirit   .    (body armour unavailable)
rPois   .          Reflect  .    (helmet unavailable)
rElec   .          Harm     .    (cloak unavailable)
rCorr   +          Rampage  .    (gloves unavailable)
Will    +....                    (boots unavailable)
Stlth   +                        b - amulet "Cafukk Jecoo" {rC+ Regen+ rCorr Str+3 Stlth-}
HPRegen 1.10/turn                a - +6 ring of intelligence
MPRegen 0.20/turn                C - ring of Jiecsuf {rN+ rCorr Str+4 Int+3}

@: quick
A: very small, claws 1, fangs 3, see invisible, speed 1, shaggy fur 3, stealthy
paws, no weapons or thrown items, no armour, multi-lived
a: Renounce Religion, Potion Petition, Call Merchant, Bribe Branch


You were in an ice cave.
You worshipped Gozag.
Gozag was pleased with you.
You visited 3 branches of the dungeon, and saw 20 of its levels.
You also visited: Ice Cave.

You collected 4661 gold pieces.
You spent 1148 gold pieces at shops.
You paid 2625 gold pieces to Gozag.

Inventory:

Jewellery
 a - a +6 ring of intelligence (left paw)
 b - the amulet "Cafukk Jecoo" (around neck) {rC+ Regen+ rCorr Str+3 Stlth-}
   (You acquired it on level 3 of the Lair of Beasts)

   [amulet of regeneration]

   Str:       It affects your strength (+3).
   rC:        It protects you from cold.
   Regen:     It increases your rate of health regeneration.
   rCorr:     It protects you from acid and corrosion.
   Stlth:     It makes you less stealthy.
 f - a ring of wizardry
 g - a ring of protection from cold
 j - a ring of willpower
 r - a +5 ring of evasion
 z - an amulet of magic regeneration
 B - a ring of resist corrosion
 C - the ring of Jiecsuf (right paw) {rN+ rCorr Str+4 Int+3}
   (You found it on level 4 of the Lair of Beasts)

   [ring of positive energy]

   Str:       It affects your strength (+4).
   Int:       It affects your intelligence (+3).
   rN:        It protects you from negative energy.
   rCorr:     It protects you from acid and corrosion.
 I - a +6 ring of dexterity
 J - a ring of the Octopus King {rC+ HP+2 AC+2 EV+2 SH+2}
   (You found it on level 5 of the Lair of Beasts)

   [ring of protection from cold]

   AC:        It affects your AC (+2).
   EV:        It affects your evasion (+2).
   rC:        It protects you from cold.
   HP:        It affects your health (+2).
   SH:        It affects your SH (+2).
Wands
 c - a wand of light (10)
 m - a wand of roots (27)
 t - a wand of paralysis (11) (quivered)
 A - a wand of flame (26)
 L - a wand of polymorph (4)
Scrolls
 k - 3 scrolls of poison
 v - 5 scrolls of teleportation
 w - 3 scrolls of butterflies
 y - 5 scrolls of identify
 D - a scroll of noise
 F - a scroll of amnesia
 G - a scroll of magic mapping
 H - 2 scrolls of immolation
 K - a scroll of torment
 M - a scroll of vulnerability
 O - a scroll of fog {unknown}
 P - a scroll of brand weapon {unknown}
 Q - a scroll of enchant armour {unknown}
Potions
 d - 3 potions of mutation
 e - 3 potions of ambrosia
 h - 3 potions of lignification
 i - 3 potions of berserk rage
 l - 6 potions of flight
 n - 2 potions of might
 o - a potion of cancellation
 p - 6 potions of attraction
 q - 3 potions of heal wounds
 s - 8 potions of curing
 u - a potion of magic
 x - 2 potions of brilliance
 E - 3 potions of degeneration
 N - a potion of resistance {unknown}


   Skills:
 - Level 11.6 Fighting
 - Level 15.1 Dodging
 - Level 2.6 Stealth
 - Level 10.0 Spellcasting
 - Level 5.0 Hexes
 - Level 10.0 Summonings
 - Level 10.0 Translocations
 + Level 9.5 Transmutations
 + Level 10.7 Air Magic


You had 4 spell levels left.
You knew the following spells:

 Your Spells              Type           Power      Damage    Failure   Level
a - Call Canine Familiar  Summ           66%        N/A       1%          3
b - Summon Lightning Spi  Summ/Air       67%        N/A       1%          4
c - Summon Guardian Gole  Hex/Summ       56%        N/A       1%          3
d - Summon Forest         Summ/Tloc      33%        N/A       1%          5
e - Storm Form            Tmut/Air       33%        N/A       43%         7
f - Vhi's Electric Charg  Tloc/Air       100%       N/A       1%          3
g - Blink                 Tloc           100%       N/A       1%          2

Your spell library contained the following spells:

 Spells                   Type           Power      Damage    Failure   Level
 Shock                    Conj/Air       100%       1d9       1%          1
 Summon Small Mammal      Summ           100%       N/A       1%          1
 Call Imp                 Summ           66%        N/A       1%          2
 Ensorcelled Hibernation  Hex/Ice        60%        N/A       1%          2
 Passwall                 Tmut/Erth      35%        N/A       1%          2
 Spider Form              Tmut/Pois      43%        N/A       1%          3
 Swiftness                Air            68%        N/A       1%          3
 Airstrike                Air            34%        2d(5-21)  1%          4
 Manifold Assault         Tloc           66%        N/A       1%          4
 Mephitic Cloud           Conj/Pois/Air  36%        N/A       2%          3
 Foxfire                  Conj/Fire      60%        2x1d7     3%          1
 Magic Dart               Conj           60%        1d6       3%          1
 Ice Form                 Ice/Tmut       43%        N/A       4%          4
 Hailstorm                Conj/Ice       15%        3d5       11%         3
 Arcjolt                  Conj/Air       23%        1d33      11%         5
 Alistair's Intoxication  Tmut/Pois      28%        N/A       14%         5
 Summon Hydra             Summ           33%        N/A       43%         7
 Eringya's Noxious Bog    Tmut/Pois      21%        N/A       58%         6
 Fireball                 Conj/Fire      7%         3d5       67%         5
 Starburst                Conj/Fire      7%         6d4       99%         6
 Simulacrum               Ice/Necr       Unusable   N/A       N/A         6

Dungeon Overview and Level Annotations

Branches:
Dungeon (14/15)            Temple (1/1) D:7            Lair (5/5) D:9
  Swamp (0/4) Lair:3        Snake (0/4) Lair:2        Slime (0/5) Lair:5
    Orc (0/2) D:11          IceCv (1/1)
 Vaults: D:13-14

Altars:
Ashenzari
Cheibriados
Dithmenos
Elyvilon
Fedhas
Gozag
Hepliaklqana
Kikubaaqudgha
Makhleb
Nemelex Xobeh
Okawaru
Qazlal
Ru
Sif Muna
Trog
Uskayaw
Vehumet
Wu Jian
Xom
Yredelemnul
Zin
The Shining One
Lugonu

Shops:
D:10 =[   D:13 :   Lair:2 :   Lair:3 :

Portals:
Abyss: Lair:5

Annotations:
IceCv exclusion: obsidian statue


Innate Abilities, Weirdness & Mutations

You have sharp claws.
You have razor-sharp teeth.
You have supernaturally acute eyesight. (SInv)
You cover ground quickly. (Speed+)
Your thick and shaggy fur keeps you warm. (AC +3, rC+)
Your paws help you pounce on unaware monsters.
You are incapable of wielding weapons or throwing items.
You cannot wear armour.
You gain extra lives every three experience levels.


Message History

You are engulfed in freezing vapours.
You resist.
The spriggan defender simulacrum closely misses you.
You are engulfed in freezing vapours.
You resist.
Your warg is engulfed in freezing vapours.
Your warg bites the spriggan defender simulacrum!
Casting: Call Canine Familiar (safe; 1% risk of failure)
Confirm with . or Enter, or press ? or * to list all spells.
An electric hum fills the air.
The spriggan defender simulacrum misses you.
Your warg is engulfed in freezing vapours.
Your warg barely misses the spriggan defender simulacrum.
The spriggan defender simulacrum completely misses you.
The spriggan defender simulacrum completely misses you.
Your warg is engulfed in freezing vapours.
Your warg misses the spriggan defender simulacrum.
Your lightning spire is engulfed in freezing vapours.
You scratch the spriggan defender simulacrum but do no damage.
The spriggan defender simulacrum is heavily damaged.
The spriggan defender simulacrum hits you.
The spriggan defender simulacrum freezes you!
You resist.
Your warg is engulfed in freezing vapours.
Your warg dies!
Your warg's corpse disappears in a puff of smoke!
The spriggan defender simulacrum barely misses you.
Your lightning spire is engulfed in freezing vapours.
You scratch the spriggan defender simulacrum but do no damage.
You bite the spriggan defender simulacrum.
The spriggan defender simulacrum is heavily damaged.
The spriggan defender simulacrum hits you!
The spriggan defender simulacrum freezes you!
You resist.
* * * LOW HITPOINT WARNING * * *
The spriggan defender simulacrum attacks as you move away!
The spriggan defender simulacrum completely misses you.
There is an ice covered gate leading back out of this place here.
The spriggan defender simulacrum completely misses you.
The spriggan defender simulacrum hits you!
You die...
Your body crumbles into a pile of gold.

#.#.$.### #...###..
##.#.## ##.#####.
#..### #.#.###.
#○8☼# ##...###
#§°°# ### ##.....##
#..####.###..#.#...
#.##........###.#..
##Z.∩.....###..###.
#.@....#.###.#.####
#..####### ##.#.#
#### #[#.## #####


You could see a spriggan defender simulacrum.

Vanquished Creatures
  Grinder (D:3)
  A small abomination (Lair:5)
  A hound (D:4)
  An iguana (D:5)
  An ufetubus (D:5)
  A hobgoblin (D:1)
  A quokka (D:2)
  A bat (D:1)
  A frilled lizard (D:2)
  2 rats
11 creatures vanquished.

Vanquished Creatures (collateral kills)
  7 hydras
  2 centaur warriors (D:13)
  A boulder beetle (D:13)
  2 two-headed ogres (D:11)
  9 death yaks
  2 thrashing horrors (Lair:5)
  2 tengu warriors (D:13)
  A skeletal warrior (D:11)
  A swamp dragon (shapeshifter) (D:13)
  3 spriggan simulacra (IceCv)
  2 deep elf pyromancers (D:13)
  3 cyclopes
  A salamander (shapeshifter) (D:12)
  3 manticores (D:11)
  3 ugly things
  10 elephants (Lair:4)
  4 black mambas
  4 cane toads
  A smoke demon (Lair:5)
  4 orange demons (D:13)
  A gargoyle (D:12)
  A rime drake (Lair:4)
  An unseen horror (D:13)
  8 ice devils (IceCv)
  A kobold demonologist (D:11)
  6 komodo dragons
  4 freezing wraiths
  An ancient zyme (Lair:5)
  2 red devils (D:13)
  2 polar bears (Lair:2)
  2 trolls
  21 blink frogs
  A large abomination (Lair:5)
  4 slime creatures (D:12)
  A spriggan (Lair:5)
  A shadow (D:12)
  A vampire (D:9)
  A wraith (D:12)
  3 wyverns
  3 ynoxinuls (Lair:5)
  22 yaks
  A basilisk (Lair:5)
  2 chaos spawn (Lair:5)
  2 steam dragons
  4 vampire mosquitoes
  7 minotaur simulacra (IceCv)
  12 water moccasins
  2 acid dragons
  2 black bears
  A sky beast (D:8)
  2 ogres (D:5)
  3 orc warriors
  4 small abominations (Lair:5)
  14 wolves
  A centaur (D:10)
  A lemure (D:8)
  3 kobold brigands
  3 bullfrogs
  2 gnoll sergeants (D:11)
  2 deep troll simulacra (IceCv)
  A necrophage (D:5)
  A scorpion (D:4)
  9 wights
  Dowan (D:4)
  A killer bee (D:11)
  An electric eel (Lair:2)
  7 howler monkeys
  2 hounds
  6 orc priests
  A jelly (D:5)
  Terence (D:2)
  9 orc wizards
  4 iguanas
  7 gnolls
  7 adders
  A shadow imp (D:6)
  2 ufetubi
  3 dart slugs
  26 orcs
  5 bats
  7 endoplasms
  4 giant cockroaches
  4 hobgoblins
  21 kobolds
  4 quokkas
  3 ball pythons
  A frilled lizard (D:1)
  3 goblins
  2 rats (D:1)
364 creatures vanquished.

Vanquished Creatures (others)
  A hydra (Lair:4)
  A boulder beetle (D:12)
  A two-headed ogre (D:8)
  A death knight (D:12)
  3 death yaks
  A thrashing horror (Lair:5)
  Urug (Lair:1)
  A goliath frog (shapeshifter) (Lair:5)
  Pikel (D:8)
  An ugly thing (Lair:5)
  A manticore (D:11)
  Psyche (D:9)
  3 komodo dragons
  A troll (D:5)
  3 blink frogs (Lair:5)
  A spriggan (Lair:5)
  2 wyverns
  12 yaks
  A basilisk (Lair:5)
  2 chaos spawn (Lair:5)
  Menkaure (D:7)
  A steam dragon (D:5)
  Edmund (D:4)
  3 water moccasins
  Duvessa (D:4)
  3 orc warriors
  A black bear (D:4)
  5 small abominations (Lair:5)
  A wolf (Lair:2)
  An ogre (D:6)
  A centaur (D:7)
  2 lemures (D:8)
  A bullfrog (D:8)
  A necrophage (D:4)
  A scorpion (D:5)
  15 wights
  3 killer bees (D:9)
  An orc wizard (D:8)
  A gnoll (D:11)
  7 orcs
  An endoplasm (D:4)
  A ball python (D:1)
  A kobold (D:10)
  19 fungi
  37 plants
  A withered plant (D:1)
150 creatures vanquished.

Grand Total: 525 creatures vanquished

Notes
Turn   | Place    | Note
-------+----------+-------------------------------------------
     0 | D:1      | wormed the Felid Summoner began the quest for the Orb.
     0 | D:1      | Reached XP level 1. HP: 7/7 MP: 4/4
   152 | D:1      | Reached skill level 1 in Hexes
   234 | D:1      | Reached XP level 2. HP: 9/11 MP: 3/6
  1137 | D:2      | Reached XP level 3. HP: 14/14 MP: 4/7
  1141 | D:2      | Learned a level 3 spell: Call Canine Familiar
  1217 | D:2      | Noticed Terence
  1276 | D:2      | Killed Terence
  1678 | D:2      | Reached XP level 4. HP: 18/18 MP: 9/9
  1691 | D:2      | Learned a level 3 spell: Summon Guardian Golem
  1950 | D:3      | Noticed Grinder
  2166 | D:3      | Paralysed by Grinder for 4 turns
  2260 | D:3      | Paralysed by Grinder for 3 turns
  2293 | D:3      | Killed Grinder
  2294 | D:3      | Reached skill level 1 in Fighting
  2294 | D:3      | Reached skill level 3 in Dodging
  2294 | D:3      | Reached XP level 5. HP: 7/22 MP: 2/10
  2294 | D:3      | Gained mutation: You are covered in thick fur. (AC +2)
                  | [Felid growth]
  2294 | D:3      | Reached XP level 6. HP: 7/25 MP: 2/11
  2509 | D:3      | Noticed an air elemental
  2511 | D:3      | Found a stormy altar of Qazlal.
  2518 | D:3      | Noticed a water elemental
  2548 | D:3      | Noticed a fire elemental
  3312 | D:4      | Reached skill level 5 in Hexes
  3312 | D:4      | Reached skill level 5 in Summonings
  3357 | D:4      | Noticed Edmund
  3377 | D:4      | Killed Edmund
  3378 | D:4      | Reached skill level 4 in Dodging
  3522 | D:4      | Found a sacrificial altar of Ru.
  3601 | D:4      | Reached XP level 7. HP: 30/30 MP: 8/13
  3789 | D:4      | Noticed Dowan
  3790 | D:4      | Noticed Duvessa
  3799 | D:4      | Learned a level 4 spell: Summon Lightning Spire
  3814 | D:4      | Killed Duvessa
  3815 | D:4      | Reached skill level 1 in Air Magic
  3918 | D:4      | Killed Dowan
  3919 | D:4      | Reached skill level 5 in Dodging
  4585 | D:5      | Entered Level 5 of the Dungeon
  4776 | D:5      | Found a glowing silver altar of Zin.
  4802 | D:5      | Found a shadowy altar of Dithmenos.
  4977 | D:5      | Reached XP level 8. HP: 34/34 MP: 7/15
  5755 | D:5      | Noticed a troll
  5761 | D:5      | Killed a troll
  5762 | D:5      | Reached skill level 6 in Dodging
  5824 | D:5      | Engulfed by a steam dragon's steam
  5825 | D:5      | Reached XP level 7. HP: 2/32 MP: 15/15
  6658 | D:5      | Killed a steam dragon
  6819 | D:6      | Reached XP level 8. HP: 36/36 MP: 6/16
  7202 | D:6      | Reached skill level 5 in Spellcasting
  7318 | D:6      | Found a radiant altar of Vehumet.
  7820 | D:6      | Reached skill level 7 in Dodging
  7822 | D:6      | Reached skill level 5 in Air Magic
  8048 | D:7      | Found a staircase to the Ecumenical Temple.
  8206 | Temple   | Entered the Ecumenical Temple
  8509 | Temple   | Became a worshipper of Gozag Ym Sagoz the Greedy
  8564 | D:7      | Noticed Menkaure
  8575 | D:7      | Reached skill level 5 in Fighting
  8575 | D:7      | Reached XP level 9. HP: 22/40 MP: 7/18
  8581 | D:7      | Killed Menkaure
  8828 | D:7      | Found a shimmering altar of Xom.
  9446 | D:7      | Found a snail-covered altar of Cheibriados.
  9453 | D:7      | Found a basalt altar of Yredelemnul.
  9458 | D:7      | Found a shimmering blue altar of Sif Muna.
  9753 | D:8      | Noticed Pikel
  9807 | D:8      | Killed Pikel
  9808 | D:8      | Reached skill level 8 in Dodging
 10268 | D:8      | Noticed a two-headed ogre
 10369 | D:8      | Killed a two-headed ogre
 10370 | D:8      | Reached XP level 10. HP: 45/45 MP: 16/20
 11191 | D:9      | Reached skill level 9 in Dodging
 11930 | D:9      | Noticed Psyche
 11965 | D:9      | Found a staircase to the Lair.
 12198 | D:10     | Entered Level 10 of the Dungeon
 12328 | D:10     | Found Ihariz's Armour Emporium.
 12594 | D:10     | Reached skill level 10 in Dodging
 12604 | D:10     | Reached XP level 11. HP: 50/50 MP: 22/22
 12903 | D:10     | You fall into a shaft and drop 3 floors!
 12993 | D:12     | Noticed a boulder beetle
 13160 | D:11     | Found a staircase to the Orcish Mines.
 14032 | D:11     | Noticed a two-headed ogre
 14038 | D:11     | Killed a two-headed ogre
 14039 | D:11     | Reached skill level 11 in Dodging
 14335 | D:11     | Noticed an eight-headed hydra
 14494 | D:11     | Noticed a four-headed hydra
 14524 | D:11     | Killed a four-headed hydra
 14574 | D:11     | Killed an eight-headed hydra
 14575 | D:11     | Reached skill level 10 in Summonings
 14614 | D:11     | Noticed a red ugly thing
 14627 | D:11     | Killed a red ugly thing
 14629 | D:11     | Noticed a two-headed ogre
 14639 | D:11     | Killed a two-headed ogre
 14894 | D:12     | Reached skill level 12 in Dodging
 14894 | D:12     | Gained mutation: Your thick and shaggy fur keeps you warm.
                  | (AC +3, rC+) [Felid growth]
 14894 | D:12     | Reached XP level 12. HP: 57/57 MP: 20/25
 14910 | D:12     | Killed a boulder beetle
 14952 | D:12     | Noticed a death knight
 15056 | D:9      | Killed Psyche
 15119 | Lair:1   | Entered Level 1 of the Lair of Beasts
 15227 | Lair:1   | Identified the +7 scale mail of the Maze {Rampage SInv}
 15392 | Lair:1   | Noticed Urug
 15403 | Lair:1   | Killed Urug
 16861 | Lair:2   | Reached skill level 13 in Dodging
 16954 | Lair:2   | Reached skill level 10 in Fighting
 17016 | Lair:2   | Found a staircase to the Snake Pit.
 17017 | Lair:2   | You fall into a shaft and drop 1 floor!
 18232 | Lair:3   | Found a staircase to the Swamp.
 18307 | Lair:3   | Reached skill level 10 in Spellcasting
 18489 | Lair:3   | Noticed a four-headed hydra
 18507 | Lair:3   | Killed a four-headed hydra
 18508 | Lair:3   | Reached skill level 14 in Dodging
 18927 | Lair:3   | Identified a scroll of acquirement
 18927 | Lair:3   | Acquired the amulet "Cafukk Jecoo" {rC+ Regen+ rCorr Str+3
                  | Stlth-}
 18982 | Lair:4   | Noticed a five-headed hydra
 18993 | Lair:4   | Killed a five-headed hydra
 19204 | Lair:4   | Noticed a seven-headed hydra
 19217 | Lair:4   | Killed a seven-headed hydra
 19446 | Lair:4   | Noticed a death yak
 19446 | Lair:4   | Noticed a death yak
 19454 | Lair:4   | Noticed a death yak
 19462 | Lair:4   | Noticed a death yak
 19466 | Lair:4   | Noticed a death yak
 19483 | Lair:4   | Killed a death yak
 19484 | Lair:4   | Reached XP level 13. HP: 63/63 MP: 10/28
 19900 | Lair:4   | Reached skill level 15 in Dodging
 20302 | Lair:4   | Reached skill level 1 in Transmutations
 20436 | Lair:4   | Identified the ring of Jiecsuf {rN+ rCorr Str+4 Int+3}
 20810 | Lair:4   | Reached skill level 1 in Translocations
 21004 | Lair:4   | Reached skill level 5 in Translocations
 21253 | Lair:5   | Entered Level 5 of the Lair of Beasts
 21537 | Lair:5   | Found a staircase to the Slime Pits.
 21890 | Lair:5   | Reached skill level 10 in Translocations
 22439 | Lair:3   | Bought a Fen Folio for 588 gold pieces
 22445 | Lair:3   | Learned a level 5 spell: Summon Forest
 22780 | Lair:5   | Identified the +6 spear of Zaproyrauh {flame, rPois rF-
                  | rN+}
 22903 | Lair:5   | Reached XP level 14. HP: 67/67 MP: 25/29
 22955 | Lair:5   | Reached skill level 5 in Transmutations
 24010 | Lair:5   | Found the ring of the Octopus King
 24013 | Lair:5   | Identified a ring of the Octopus King {rC+ HP+2 AC+2 EV+2
                  | SH+2}
 24124 | Lair:5   | Found a corrupted altar of Lugonu.
 24124 | Lair:5   | Found a one-way gate to the infinite horrors of the Abyss.
 24141 | Lair:5   | Learned a level 7 spell: Storm Form
 25317 | D:13     | Found Ippeh's Tremendous Tomes.
 25569 | Lair:3   | Bought the Annotations on the Electric Panacea for 560 gold
                  | pieces
 25576 | Lair:3   | Learned a level 3 spell: Vhi's Electric Charge
 25579 | Lair:3   | Learned a level 2 spell: Blink
 26128 | D:13     | Hit by a large rock thrown by a cyclops
 26129 | D:13     | Reached XP level 13. HP: -6/63 MP: 23/28
 26278 | D:13     | Reached skill level 10 in Air Magic
 26894 | D:14     | Found a frozen archway.
 26899 | IceCv    | Entered an ice cave
 27916 | IceCv    | Slain by a spriggan defender simulacrum
 27917 | IceCv    | Reached XP level 12. HP: -2/60 MP: 20/27
 27957 | IceCv    | Slain by a spriggan defender simulacrum

Illustrated notes

Levels and vault maps discovered:
D:1:      spicycebolla_arrival_clurvy, layout_basic
D:2:      layout_rooms, grunt_ministairs_4, uniq_terence
D:3:      layout_basic, nicolae_qazlal_style_of_elements, serial_curves,
          eino_curves_04, eino_curves_04, eino_curves_04, minmay_misc_feat_five,
          chequers_serial_rivers_small_3, uniq_grinder
D:4:      layout_basic, nicolae_ru_the_path_less_chosen, uniq_duvessa,
          uniq_edmund
D:5:      kennysheep_spiral_hall, layout_layer_cave, lemuel_crystal_altar,
          nicolae_dithmenos_through_a_glass_darkly
D:6:      layout_gridville, nicolae_vehumet_altar_sigil
D:7:      layout_loops_ring, marbit_many_paths,
          minmay_overflow_temple_star_quad, minmay_temple_entry_arrows,
          uniq_menkaure
D:8:      layout_basic, uniq_pikel
D:9:      layout_roguey, lair_entry_dummy, uniq_psyche
D:10:     layout_long_grid, serial_shops, shop
D:11:     minmay_ornate_pinched, layout_irregular_city
D:12:     layout_big_octagon, nrook_loot_triangle
D:13:     layout_stronghold, nicolae_shop_i_like_big_books,
          minmay_beelzebubs_servants
D:14:     layout_basic, skrybe_vaults_entry_preservation, special_room
          [special_room_bee], portal_ice_cave_entry_pillars_1,
          nicolae_concentric_dashed_squares_mild
Temple:   nicolae_temple_figure_eight
Lair:1:   layout_layer_cave, serial_bayou_crossing, grunt_megastairs_1,
          uniq_urug
Lair:2:   layout_gridlike, dummy_snake_entry, gammafunk_lair_bear_cave
Lair:3:   layout_regular_city, swamp_mist_pool
Lair:4:   layout_cellular_growth
Lair:5:   hellmonk_lair_end_abyssal_woods, layout_gridlike, slime_entry_1
IceCv:    ice_cave_caverns_02

Skill      XL: |  1  2  3  4  5  6  7  8  9 10 11 12 13 14 |
---------------+-------------------------------------------+-----
Hexes          | 1 2 4 5 |  5.0
Fighting       | 1 2 3 5 6 7 9 11 | 11.6
Dodging        | 3 4 5 7 8 10 12 14 15 | 15.1
Spellcasting   | 3 4 5 6 7 8 10 | 10.0
Summonings     | 5 6 7 8 10 | 10.0
Air Magic      | 4 5 6 7 10 9 | 10.7
Transmutations | 9 8 |  9.5
Translocations | 10 | 10.0
Stealth        | |  2.6

Action                   |  1- 3 |  4- 6 |  7- 9 | 10-12 | 13-15 || total
-------------------------+-------+-------+-------+-------+-------++-------
Melee: Unarmed           |    18 |    24 |    33 |    31 |    44 ||   150
       Bite              |     1 |     1 |     4 |     4 |     6 ||    16
       Punch             |       |       |     1 |       |       ||     1
 Cast: Summon Small Mamm |    51 |     2 |    45 |       |       ||    98
       Call Canine Famil |     7 |    23 |    47 |    88 |   125 ||   290
       Summon Guardian G |       |    11 |    46 |    64 |    61 ||   182
       Summon Lightning  |       |       |     4 |    82 |   110 ||   196
       Summon Forest     |       |       |       |       |    26 ||    26
Invok: Call Merchant     |       |       |       |     2 |     1 ||     3
Evoke: Wand              |       |       |       |    11 |       ||    11
  Use: Scroll            |       |     4 |     7 |    15 |     4 ||    30
       Potion            |       |     2 |     2 |     1 |     5 ||    10
 Stab: Sleeping          |     1 |       |       |       |       ||     1
       Distracted        |       |       |     1 |       |     1 ||     2
Armor: Skin              |     1 |       |     7 |     3 |     9 ||    20
Dodge: Dodged            |    25 |    17 |    79 |   160 |   262 ||   543

Table legend: (Time is in decaauts)
 A = Elapsed time spent in this place.
 B = Non-inter-level travel time spent in this place.
 C = Inter-level travel time spent in this place.
 D = Time resting spent in this place.
 E = Time spent auto-exploring this place.
 F = Levels seen in this place.
 G = Mean time per level.
                   A        B        C        D        E       F      G
               +--------+--------+--------+--------+--------+-----+--------+
         Total |  24605 |  22938 |   1667 |    425 |  16098 |  21 | 1171.7 |
       Dungeon |  15136 |  14254 |    882 |    425 |   9777 |  14 | 1081.1 |
        Temple |    299 |    267 |     32 |      0 |    244 |   1 |  299.0 |
          Lair |   8185 |   7432 |    753 |      0 |   5411 |   5 | 1637.0 |
      Ice Cave |    984 |    984 |      0 |      0 |    665 |   1 |  984.0 |
               +--------+--------+--------+--------+--------+-----+--------+

Top non-repeatable levels by time:
  Lair:5: 2355 daAuts
  Lair:4: 2006 daAuts
     D:5: 1856 daAuts
     D:8: 1421 daAuts
  Lair:2: 1350 daAuts
     D:4: 1313 daAuts
  Lair:1: 1273 daAuts
    D:13: 1244 daAuts
     D:3: 1208 daAuts
  Lair:3: 1200 daAuts
    D:10: 1154 daAuts
    D:11: 1132 daAuts
     D:6: 1117 daAuts
     D:9: 1079 daAuts
     D:7: 1032 daAuts
